 Dungeon Crawl Stone Soup version 0.20.1-1-g8b1a95d (webtiles) character file.

36 Minstaer the Shooter (level 3, 0/29 HPs)
             Began as a Centaur Hunter on Nov 3, 2017.
             Succumbed to an adder's poison
             ... on level 2 of the Dungeon.
             The game lasted 00:05:15 (683 turns).

Minstaer the Shooter (Centaur Hunter)                Turns: 683, Time: 00:05:16

Health: 0/29       AC:  6    Str: 19    XL:     3   Next: 19%
Magic:  3/3        EV:  9    Int: 15    God:
Gold:   77         SH:  0    Dex: 12    Spells: 2/2 levels left

rFire    . . .     SeeInvis .   a - +1 shortbow
rCold    . . .     Gourm    .   (shield currently unavailable)
rNeg     . . .     Faith    .   c - +0 leather armour
rPois    .         Spirit   .   (no helmet)
rElec    .         Reflect  .   (no cloak)
rCorr    .         Harm     .   (no gloves)
MR       .....                  (no barding)
Stlth    +.........             (no amulet)
Regen    0.1/turn               (no ring)
MPRegen  0.1/turn               (no ring)

@: mighty, brilliant, lethally poisoned (0 -> -4), berserk cooldown, slowed
A: hooves 3, molten scales 1, thin skeletal structure 1, deformed body, speed 2,
tough skin 3
a: no special abilities


You were on level 2 of the Dungeon.
You were not hungry.

You visited 1 branch of the dungeon, and saw 2 of its levels.

You collected 77 gold pieces.

Inventory:

Hand Weapons
 a - a +1 shortbow (weapon)
 b - a +0 short sword
 i - a +0 hunting sling
 s - a +0 whip
Missiles
 d - 12 arrows (quivered)
 h - 76 stones
Armour
 c - a +0 leather armour (worn)
 k - a +0 ring mail
Jewellery
 n - a +3 ring of evasion {unknown}
Wands
 t - a wand of lightning (5/15)
Scrolls
 l - a scroll of amnesia {unknown}
 p - a scroll of fear {unknown}
 r - a scroll of teleportation {unknown}
Potions
 q - a potion of brilliance
Comestibles
 f - a bread ration
 g - 2 chunks of flesh
 j - a meat ration
 o - a royal jelly


   Skills:
 - Level 2.0 Fighting
 + Level 6.8 Bows
 - Level 1.3 Dodging
 - Level 0.4 Stealth


You had 2 spell levels left.
You didn't know any spells.

Dungeon Overview and Level Annotations

Branches:
Dungeon (2/15)

Altars:


Innate Abilities, Weirdness & Mutations

You have hooves in place of feet.
Armour fits poorly on your strangely shaped body.
You cover ground very quickly.
You have extremely tough skin. (AC +3)
You are partially covered in molten scales. (AC +2)
You have a somewhat thin skeletal structure. (Dex +2, Stealth)


Message History

You start resting.
You are no longer berserk.
You are exhausted.
You feel yourself slow down.
* * * LOW HITPOINT WARNING * * *
You feel sick.
It was a potion of mutation.
You feel extremely strange.
Your bones become slightly less dense.
Molten scales grow over part of your body.
* * * LOW HITPOINT WARNING * * *
You feel sick.
There is a lethal amount of poison in your body!
There is a lethal amount of poison in your body!
* * * LOW HITPOINT WARNING * * *
You feel sick.
* * * LOW HITPOINT WARNING * * *
You feel sick.
* * * LOW HITPOINT WARNING * * *
You feel sick.
You die...

#.##...##...# ####.#
#.##...##...##.....
####..........>...###.#
#......................
#.##..............##.##
#( #.##...##...##.# #.
#.##...##...# ... #.
#..........## ##.#
....######@#### # #. .
#(# #.#. ###(###
#..(.(# #.....# #.....#
#.....# #....[# #######


There were no monsters in sight!

Vanquished Creatures
  2 adders (D:2)
  A dart slug (D:1)
  2 bats
  A giant cockroach (D:1)
  A goblin (D:2)
  A hobgoblin (D:1)
  3 jackals (D:1)
  3 kobolds (D:1)
  3 rats
17 creatures vanquished.

Notes
Turn   | Place    | Note
-------+----------+-------------------------------------------
     0 | D:1      | Minstaer the Centaur Hunter began the quest for the Orb.
     0 | D:1      | Reached XP level 1. HP: 17/17 MP: 1/1
   162 | D:1      | Reached XP level 2. HP: 24/24 MP: 2/2
   164 | D:1      | Reached skill level 6 in Bows
   669 | D:2      | Reached XP level 3. HP: 9/29 MP: 3/3
   677 | D:2      | Gained mutation: You have a somewhat thin skeletal structure. (Dex +2, Stealth) [potion of mutation]
   677 | D:2      | Gained mutation: You are partially covered in molten scales. (AC +2) [potion of mutation]
   681 | D:2      | HP: 1/29 [poisoned by an adder]
   683 | D:2      | Succumbed to an adder's poison

Skill      XL: |  1  2 |
---------------+-------+-----
Bows           | 6 |  6.8
Fighting       | |  2.0
Dodging        | |  1.3
Stealth        | |  0.4

Action                   || total
-------------------------++-------
 Fire: Shortbow          ||    50
  Use: Potion            ||     4
Armor: Leather armour    ||     5
Dodge: Dodged            ||    10
